 Dungeon Crawl Stone Soup version 0.22.1-6-g1668fe2 (webtiles) character file.

225 doot the Slasher (level 6, 0/55 HPs)
             Began as a Naga Warper on Jan 19, 2019.
             Slain by an iguana (11 damage)
             ... on level 4 of the Dungeon.
             The game lasted 00:10:38 (4168 turns).

doot the Slasher (Naga Warper)                      Turns: 4168, Time: 00:10:39

Health: 0/55       AC:  6    Str: 13    XL:     6   Next: 1%
Magic:  4/9        EV: 10    Int: 15    God:
Gold:   93         SH:  0    Dex: 11    Spells: 2/9 levels left

rFire    . . .     SeeInvis +   a - +0 falchion
rCold    . . .     Gourm    .   (no shield)
rNeg     . . .     Faith    .   b - +0 leather armour
rPois    +         Spirit   .   (no helmet)
rElec    .         Reflect  .   q - +2 cloak
rCorr    .         Harm     .   (no gloves)
MR       .....                  (no barding)
Stlth    +.........             (no amulet)
HPRegen  0.18/turn              (no ring)
MPRegen  0.11/turn              (no ring)

@: short of breath, shrouded (expiring), very slightly contaminated, very slow
A: large, see invisible, deformed body, poison resistance, slowness 2, slow
metabolism 1, spit poison 1, AC +2
a: Spit Poison


You were on level 4 of the Dungeon.
You were hungry.

You visited 1 branch of the dungeon, and saw 4 of its levels.

You collected 93 gold pieces.

Inventory:

Hand Weapons
 a - a +0 falchion (weapon)
 p - a cursed -3 spear
Missiles
 e - 5 tomahawks of dispersal (quivered)
 s - 8 tomahawks
Armour
 b - a +0 leather armour (worn)
 q - a +2 cloak (worn)
Jewellery
 r - an uncursed ring of poison resistance {unknown}
 v - an uncursed amulet of faith {unknown}
Scrolls
 d - a scroll of blinking
 g - a scroll of remove curse {unknown}
 h - 4 scrolls of amnesia {unknown}
 i - 2 scrolls of enchant weapon {unknown}
 n - 2 scrolls of enchant armour {unknown}
 o - 3 scrolls of identify {unknown}
 t - 2 scrolls of teleportation {unknown}
Potions
 c - 3 potions of curing {unknown}
 j - 3 potions of haste {unknown}
 k - a potion of cancellation {unknown}
 l - a potion of lignification {unknown}
 m - 3 potions of heal wounds {unknown}
Comestibles
 f - 5 rations
 u - 7 chunks of flesh


   Skills:
 + Level 2.5 Fighting
 + Level 3.6 Long Blades
 + Level 0.8 Throwing
 + Level 2.5 Armour
 + Level 2.1 Dodging
 + Level 1.3 Stealth
 + Level 2.4 Spellcasting
 + Level 0.7 Charms
 + Level 3.2 Translocations


You had 2 spell levels left.
You knew the following spells:

 Your Spells              Type           Power        Failure   Level  Hunger
a - Blink                 Tloc           N/A          11%         2    ###....
b - Shroud of Golubria    Chrm/Tloc      #.........   19%         2    ###....
c - Teleport Other        Tloc           ##......     22%         3    ###....

Your spell library contained the following spells:

 Spells                   Type           Power        Failure   Level  Hunger
 Gell's Gravitas          Tloc           ##........   22%         3    ###....
 Lesser Beckoning         Tloc           ##........   22%         3    ###....
 Passage of Golubria      Tloc           N/A          56%         4    #####..


Dungeon Overview and Level Annotations

Branches:
Dungeon (4/15)
 Temple: D:4-7

Altars:
The Shining One


Innate Abilities, Weirdness & Mutations

You cannot wear boots.
Your serpentine skin is tough. (AC +2)
You have supernaturally acute eyesight. (SInv)
Armour fits poorly on your strangely shaped body.
Your system is resistant to poisons. (rPois)
You cover ground very slowly.
You have a slow metabolism.
You can spit poison.


Message History

You have got your breath back.
The iguana bites you.
You barely miss the iguana.
The iguana is lightly wounded.
The iguana looks more healthy.
The iguana bites you.
You hit the iguana but do no damage.
The iguana is lightly wounded.
The iguana bites you but does no damage.
Press: ? - help, Shift-Dir - straight line, f/p - iguana
Aim: an iguana (lightly wounded)
The splash of poison hits the iguana.
The iguana is poisoned.
The iguana is moderately wounded.
You are feeling hungry.
The iguana bites you!
* * * LOW HITPOINT WARNING * * *
You barely miss the iguana.
The iguana is heavily wounded.
Your shroud begins to fray at the edges.
The iguana bites you!
You die...

# #. ###### ..
#.. ##....##..
+...#.........
..#...'@........
..######l.......
#......#........
#......#........
#......+........
#......#....##..
#......#....# .
#......'....#
#......#....#


You could see an iguana.

Vanquished Creatures
  A hound (D:4)
  Terence (D:3)
  An orc wizard (D:3)
  A worker ant (D:4)
  4 adders
  An ooze (D:2)
  2 worms (D:2)
  2 leopard geckos
  7 orcs (D:3)
  A ball python (D:2)
  4 giant cockroaches
  6 goblins
  5 hobgoblins
  6 jackals (D:1)
  2 quokkas (D:2)
  5 bats
  3 frilled lizards
  11 kobolds
  4 rats
67 creatures vanquished.

Notes
Turn   | Place    | Note
-------+----------+-------------------------------------------
     0 | D:1      | doot the Naga Warper began the quest for the Orb.
     0 | D:1      | Reached XP level 1. HP: 19/19 MP: 3/3
   272 | D:1      | Reached skill level 1 in Armour
   308 | D:1      | Reached XP level 2. HP: 12/26 MP: 5/5
   684 | D:1      | Learned a level 2 spell: Blink
   687 | D:1      | Learned a level 2 spell: Shroud of Golubria
   880 | D:1      | Reached XP level 3. HP: 27/32 MP: 6/6
  2161 | D:2      | Reached XP level 4. HP: 37/39 MP: 7/7
  2169 | D:2      | Learned a level 3 spell: Teleport Other
  2311 | D:2      | HP: 1/39 [worm (9)]
  3009 | D:3      | Found a glowing golden altar of the Shining One.
  3076 | D:3      | Reached XP level 5. HP: 38/46 MP: 3/8
  3298 | D:3      | Noticed Terence
  3318 | D:3      | Killed Terence
  3318 | D:3      | Reached skill level 1 in Stealth
  4138 | D:4      | Reached XP level 6. HP: 55/55 MP: 9/9
  4168 | D:4      | Slain by an iguana

Skill      XL: |  1  2  3  4  5 |
---------------+----------------+-----
Armour         | 1 2 |  2.5
Dodging        | 2 |  2.1
Long Blades    | 3 |  3.6
Stealth        | 1 |  1.3
Fighting       | |  2.5
Throwing       | |  0.8
Spellcasting   | |  2.4
Charms         | |  0.7
Translocations | |  3.2

Action                   |  1- 3 |  4- 6 || total
-------------------------+-------+-------++-------
Melee: Falchion          |    76 |    90 ||   166
 Cast: Shroud of Golubri |       |    11 ||    11
 Abil: Spit Poison       |    19 |    33 ||    52
  Eat: Chunk             |     3 |     8 ||    11
Armor: Leather armour    |    22 |    26 ||    48
Dodge: Dodged            |    47 |    36 ||    83
       Rpst.: Falchion   |    14 |    12 ||    26
